 Dungeon Crawl Stone Soup version 0.27-a0-203-gd48b2df3c9 (webtiles) character file.

Game seed: 6097335043652566408

56 jasper the Sneak (level 3, -1/16 HPs)
             Began as a Spriggan Earth Elementalist on Jan 30, 2021.
             Slain by a centaur (6 damage)
             ... on level 3 of the Dungeon.
             The game lasted 00:02:40 (1644 turns).

jasper the Sneak (Spriggan Earth Elementalist)      Turns: 1644, Time: 00:02:41

Health: -1/16      AC:  3    Str:  4    XL:     3   Next: 71%
Magic:  8/8        EV: 19    Int: 17    God:
Gold:   54         SH:  0    Dex: 16    Spells: 7/8 levels left

rFire    . . .     SeeInvis +   l - +0 short sword (elec)
rCold    . . .     Faith    .   (shield restricted)
rNeg     . . .     Spirit   .   c - +0 robe
rPois    .         Reflect  .   (helmet restricted)
rElec    .         Harm     .   (no cloak)
rCorr    .         Rampage  .   (gloves unavailable)
Will     .....                  (boots unavailable)
Stlth    +.........             (no amulet)
HPRegen  0.05/turn              (no ring)
MPRegen  0.11/turn              (no ring)

@: confused, mighty, very slightly contaminated, hasted, invisible, very quick
A: very small, unfitting armour, rugged brown scales 1, see invisible,
deterioration 1, speed 3, wild magic 1, evolution 1
a: no special abilities


You were on level 3 of the Dungeon.
You visited 1 branch of the dungeon, and saw 3 of its levels.

You collected 54 gold pieces.

Inventory:

Hand Weapons
 l - a +0 short sword of electrocution (weapon)
Missiles
 b - 4 stones
Armour
 c - a +0 robe (worn)
 h - a +0 buckler
Scrolls
 a - a scroll of remove curse {unknown}
 g - a scroll of enchant armour {unknown}
 i - 2 scrolls of teleportation {unknown}
 k - a scroll of fear {unknown}
Potions
 e - a potion of might


   Skills:
 + Level 3.5 Dodging
 + Level 3.7 Stealth
 + Level 0.4 Shields
 + Level 3.1 Spellcasting
 + Level 2.3 Transmutations
 * Level 3.2 Earth Magic


You had 7 spell levels left.
You knew the following spells:

 Your Spells              Type           Power        Failure   Level
a - Sandblast             Erth           34%          8%          1

Your spell library contained the following spells:

 Spells                   Type           Power        Failure   Level
 Passwall                 Tmut/Erth      12%          13%         2
 Stone Arrow              Conj/Erth      20%          34%         3
 Petrify                  Tmut/Erth      15%          56%         4
 Lee's Rapid Deconstruct  Erth           8%           83%         5


Dungeon Overview and Level Annotations

Branches:
Dungeon (3/15)

Altars:


Innate Abilities, Weirdness & Mutations

You are very small and have problems with some larger weapons.
You are too small for most types of armour.
You have supernaturally acute eyesight. (SInv)
You cover ground extremely quickly.
You are partially covered in rugged brown scales. (AC +1, +3% HP)
Your body sometimes deteriorates upon taking damage.
Your spells are a little harder to cast, but a little more powerful.
You evolve.


Message History

You feel yourself wasting away.
Rugged brown scales grow over part of your body.
You feel less in control of your magic.
You feel nature experimenting on you.
Don't worry, failures die fast.
The centaur shoots an arrow.
The arrow hits you!
Ouch! That really hurt!
You take 11 damage, and have 5/16 hp.
MASSIVE DAMAGE!!
It was a potion of invisibility.
You fade into invisibility!
The centaur zaps a wand.
Your will is overpowered!
You are more confused.
You are very lightly contaminated with residual magic.
You bump into the rock wall.
The centaur shoots an arrow.
You're too confused to move!
The centaur zaps a wand.
You bump into the rock wall.
The centaur unwields a +0 shortbow.
The centaur barely misses you.
You bump into the rock wall.
The centaur zaps a wand.
You resist with some effort.
The now-empty wand crumbles to dust.
You bump into the rock wall.
The centaur hits you.
You die...

## .. .# ####.##
...... #.#.. .###
###.#.#
.....#.g.#@#
.....#.g.c.########
.........†.........
.....#...#.........
......)..#.########
.........#.#####
.##.######.....# #
#.###.#
######.....###


You could see a centaur and a goblin (wandering).

Vanquished Creatures
  2 gnolls (D:2)
  An adder (D:2)
  4 giant cockroaches
  4 goblins
  3 hobgoblins (D:1)
  A quokka (D:3)
  A bat (D:1)
  6 kobolds
  4 rats (D:1)
26 creatures vanquished.

Notes
Turn   | Place    | Note
-------+----------+-------------------------------------------
     0 | D:1      | jasper the Spriggan Earth Elementalist began the quest for
                  | the Orb.
     0 | D:1      | Reached XP level 1. HP: 9/9 MP: 5/5
   461 | D:1      | Reached XP level 2. HP: 13/13 MP: 1/6
  1115 | D:2      | Reached XP level 3. HP: 16/16 MP: 1/8
  1622 | D:3      | Noticed a centaur
  1634 | D:3      | Gained mutation: Your body sometimes deteriorates upon
                  | taking damage. [potion of mutation]
  1634 | D:3      | Gained mutation: You are partially covered in rugged brown
                  | scales. (AC +1, +3% HP) [potion of mutation]
  1634 | D:3      | Gained mutation: Your spells are a little harder to cast,
                  | but a little more powerful. [potion of mutation]
  1634 | D:3      | Gained mutation: You evolve. [potion of mutation]
  1644 | D:3      | Slain by a centaur

Illustrated notes

Levels and vault maps discovered:
D:1:      onia_arrival_mini_spirals, layout_loops_ring, serial_bayou_crossing
D:2:      layout_loops_corners, old_standard_altar, uniq_jessica
D:3:      layout_basic, gammafunk_temple_overflow_pools, nrook_campfire,
          minmay_crystal_water, minmay_circle_x

Skill      XL: |  1  2 |
---------------+-------+-----
Spellcasting   | 3 |  3.1
Earth Magic    | 3 |  3.2
Transmutations | 2 |  2.3
Dodging        | |  3.5
Stealth        | |  3.7
Shields        | |  0.4

Action                   || total
-------------------------++-------
Melee: Short sword       ||     3
 Cast: Sandblast         ||    48
  Use: Potion            ||     4
Armor: Robe              ||     1
Dodge: Dodged            ||    10

Table legend: (Time is in decaauts)
 A = Elapsed time spent in this place.
 B = Non-inter-level travel time spent in this place.
 C = Inter-level travel time spent in this place.
 D = Time resting spent in this place.
 E = Time spent auto-exploring this place.
 F = Levels seen in this place.
 G = Mean time per level.
                   A        B        C        D        E       F      G
               +--------+--------+--------+--------+--------+-----+--------+
         Total |   1313 |   1292 |     21 |     29 |   1087 |   3 |  437.7 |
       Dungeon |   1313 |   1292 |     21 |     29 |   1087 |   3 |  437.7 |
               +--------+--------+--------+--------+--------+-----+--------+

Top non-repeatable levels by time:
     D:1: 830 daAuts
     D:2: 254 daAuts
     D:3: 228 daAuts
